 Dungeon Sprint DCSS version 0.17-a0-1674-g2b13139 (webtiles) character file.

2499 Kidiri the Covert (level 9, -4/35 HPs)
             Began as a Spriggan Enchanter on Aug 18, 2015.
             Was an Elder of Dithmenos.
             Slain by a trapdoor spider (9 damage)
             ... in the Dungeon (Sprint III: "The Ten Rune Challenge").
             The game lasted 00:06:20 (1370 turns).

Kidiri the Covert (Spriggan Enchanter)              Turns: 1370, Time: 00:06:20

Health: -4/35      AC:  3    Str:  4    XL:     9   Next: 28%
Magic:  5/25       EV: 29    Int: 17    God:    Dithmenos [****..]
Gold:   34         SH:  0    Dex: 17    Spells: 5 memorised, 19 levels left

rFire  . . .     SeeInvis +     k - +0 dagger (venom)
rCold  . . .     Clarity  .     b - +1 robe
rNeg   . . .     SustAt   .     (shield restricted)
rPois  .         Gourm    .     (helmet restricted)
rElec  .         Spirit   .     (no cloak)
rCorr  .         Warding  .     (gloves unavailable)
rMut   .         NoTele   +     (boots unavailable)
MR     +....                    (no amulet)
Stlth  +++++++++.               (no ring)
                                (no ring)

@: lethally poisoned (-4 -> -23), very slightly contaminated, wreathed by umbra,
very quick, somewhat resistant to hostile enchantments, incredibly stealthy
A: unfitting armour, antennae 1, beak, see invisible, clumsy 1, deterioration 1,
herbivore 3, speed 3, frail 1, slow metabolism 2, wild magic 1
a: Shadow Step, Renounce Religion


You were in the Dungeon.
You worshipped Dithmenos.
Dithmenos was greatly pleased with you.
You were not hungry.

You visited 1 branch You collected 34 gold pieces.

Inventory:

Hand weapons
 k - a +0 dagger of venom (weapon)
Missiles
 c - a throwing net (quivered)
Armour
 b - a +1 robe (worn)
Magical devices
 a - a wand of digging (8)
Scrolls
 j - a scroll of blinking
 m - 3 scrolls of remove curse
Potions
 f - 2 potions of heal wounds
 g - 2 potions of haste
 h - 3 potions of magic
 i - a potion of berserk rage
 n - a potion of brilliance
 o - a potion of flight
Comestibles
 d - 2 bread rations
 q - 2 royal jellies


   Skills:
 + Level 7.3 Short Blades
 * Level 13.4 Dodging
 * Level 14.7 Stealth
 * Level 11.6 Spellcasting
 + Level 4.6 Conjurations
 + Level 9.1 Hexes
 + Level 5.5 Ice Magic
 - Level 2.6 Invocations


You had 19 spell levels left.
You knew the following spells:

 Your Spells              Type           Power        Failure   Level  Hunger
a - Corona                Hex            ######.      1%          1    None
b - Ensorcelled Hibernat  Hex/Ice        ######       3%          2    None
c - Confuse               Hex            ######..     2%          3    None
d - Tukima's Dance        Hex            ######..     2%          3    None
e - Dazzling Spray        Conj/Hex       #####...     4%          3    None


Dungeon Overview and Level Annotations

Branches:
Dungeon (1/1)

Altars:
Cheibriados
Dithmenos
Elyvilon
Fedhas
Gozag
Kikubaaqudgha
Makhleb
Nemelex Xobeh
Okawaru
Qazlal
Ru
Sif Muna
Trog
Vehumet
Xom
Yredelemnul
Zin
The Shining One
Jiyva
Lugonu


Innate Abilities, Weirdness & Mutations

You are tiny and cannot use many weapons and most armour.
You have supernaturally acute eyesight.
You are a herbivore.
You cover ground extremely quickly.
You need consume almost no food.
You have a pair of small antennae on your head.
You have a beak for a mouth.
You are clumsy. (Dex -2)
Your body sometimes deteriorates upon taking damage.
You are frail (-10% HP).
Your spells are a little harder to cast, but a little more powerful.


Message History

Drink which item? (? for menu, Esc to quit)
Okay, then.
Casting: Confuse
Confirm with . or Enter, or press ? or * to list all spells.
Aiming: Confuse
Press: ? - help, Shift-Dir - straight line, f - trapdoor spider
Aim: a trapdoor spider (umbra, chance to defeat MR: 75%)
The trapdoor spider struggles to resist.
* * * LOW HITPOINT WARNING * * *
You feel sick. The trapdoor spider closely misses you.
Casting: Confuse
Confirm with . or Enter, or press ? or * to list all spells.
Aiming: Confuse
Press: ? - help, Shift-Dir - straight line, f/p - trapdoor spider
Aim: a trapdoor spider (umbra, chance to defeat MR: 75%)
The trapdoor spider struggles to resist.
* * * LOW HITPOINT WARNING * * *
You feel sick. The trapdoor spider barely misses you.
The trapdoor spider bites you!
You die...

#
#+#####################
#....#)#)#)....#......+
##.#.)#.##.###.#......#
'##.#.#.##.#).##..(...#
#...#..#..##.)'.......#
▓▓▓▓▓▓▓▓▓▓▓▓▓▓#.......#
{ { { #..s....#
+(@.....# #†......#
##+######


You could see a trapdoor spider.

Vanquished Creatures
  Erolcha (D)
  A deep elf priest (D)
  A redback (D)
  A trapdoor spider (D)
  A shadow (D)
  2 hill giants (D)
  A spatial vortex (D)
  A necrophage (D)
  3 two-headed ogres (D)
  A water elemental (D)
  A jelly (D)
  A necromancer (D)
  A wizard (D)
  Jessica (D)
  3 humans (D)
  A kobold demonologist (D)
  2 oozes (D)
  A phantom (D)
  A rat (D)
25 creatures vanquished.

Vanquished Creatures (others)
  2 draconian scorchers (D)
  3 yaktaurs (D)
  3 plants (D)
8 creatures vanquished.

Grand Total: 33 creatures vanquished

Notes
Turn   | Place    | Note
--------------------------------------------------------------
     0 | D        | Kidiri the Spriggan Enchanter began the quest for the Orb.
     0 | D        | Reached XP level 1. HP: 9/9 MP: 5/5
     4 | D        | Reached skill level 5 in Stealth
     7 | D        | Reached XP level 2. HP: 13/13 MP: 5/7
    11 | D        | Learned a level 2 spell: Ensorcelled Hibernation
    30 | D        | Noticed Jessica
    46 | D        | Killed Jessica
    46 | D        | Reached skill level 5 in Dodging
    46 | D        | Reached skill level 6 in Stealth
    46 | D        | Reached skill level 1 in Ice Magic
    46 | D        | Reached XP level 3. HP: 16/16 MP: 3/10
   109 | D        | Killed a yaktaur
   110 | D        | Learned a level 3 spell: Confuse
   114 | D        | Learned a level 3 spell: Tukima's Dance
   150 | D        | Reached skill level 7 in Stealth
   150 | D        | Reached skill level 5 in Spellcasting
   176 | D        | Killed a white draconian scorcher
   243 | D        | Killed a white draconian scorcher
   257 | D        | Learned a level 3 spell: Dazzling Spray
   488 | D        | Gained mutation: Your body sometimes deteriorates upon taking damage. [potion of mutation]
   488 | D        | Gained mutation: You have a pair of small antennae on your head. [potion of mutation]
   488 | D        | Gained mutation: You are frail (-10% HP). [potion of mutation]
   489 | D        | Gained mutation: You have a beak for a mouth. [potion of mutation]
   489 | D        | Gained mutation: Your spells are a little harder to cast, but a little more powerful. [potion of mutation]
   489 | D        | Gained mutation: You are clumsy. (Dex -2) [potion of mutation]
   496 | D        | Killed a yaktaur
   505 | D        | Killed a yaktaur
   697 | D        | Noticed a water elemental
   703 | D        | Killed a water elemental
   703 | D        | Reached skill level 8 in Stealth
   703 | D        | Reached skill level 1 in Conjurations
   703 | D        | Reached skill level 5 in Hexes
   703 | D        | Reached XP level 4. HP: 18/18 MP: 1/12
   794 | D        | Noticed a jelly
   795 | D        | Noticed a shadow
   797 | D        | Killed a shadow
   797 | D        | Reached skill level 9 in Stealth
   797 | D        | Reached XP level 5. HP: 21/21 MP: 12/15
   800 | D        | Killed a jelly
   800 | D        | Reached skill level 10 in Stealth
   800 | D        | Reached XP level 6. HP: 25/25 MP: 11/17
   840 | D        | Found a stormy altar of Qazlal.
   841 | D        | Found a sacrificial altar of Ru.
   841 | D        | Found a burning altar of Makhleb.
   841 | D        | Found a viscous altar of Jiyva.
   841 | D        | Found a shimmering altar of Xom.
   841 | D        | Found a shadowy altar of Dithmenos.
   841 | D        | Found a sparkling altar of Nemelex Xobeh.
   841 | D        | Found a corrupted altar of Lugonu.
   841 | D        | Found an opulent altar of Gozag.
   841 | D        | Noticed a spatial vortex
   845 | D        | Became a worshipper of Dithmenos the Shadowed
   851 | D        | Killed a spatial vortex
   876 | D        | Found a radiant altar of Vehumet.
   957 | D        | Found a deep blue altar of Sif Muna.
   957 | D        | Found an ancient bone altar of Kikubaaqudgha.
   957 | D        | Noticed a wizard
   958 | D        | Killed a wizard
   983 | D        | Found a glowing silver altar of Zin.
   984 | D        | Found a glowing golden altar of the Shining One.
   984 | D        | Found a white marble altar of Elyvilon.
   984 | D        | Noticed a deep elf priest
   986 | D        | Killed a deep elf priest
   986 | D        | Reached skill level 5 in Short Blades
   986 | D        | Reached skill level 10 in Dodging
   986 | D        | Reached skill level 11 in Stealth
   986 | D        | Reached skill level 1 in Invocations
   986 | D        | Reached XP level 7. HP: 28/28 MP: 18/20
   997 | D        | Found an iron altar of Okawaru.
   998 | D        | Found a bloodstained altar of Trog.
   998 | D        | Noticed a human
   998 | D        | Noticed a human
  1005 | D        | Killed a human
  1005 | D        | Reached skill level 12 in Stealth
  1010 | D        | Killed a human
  1131 | D        | Found a snail-covered altar of Cheibriados.
  1131 | D        | Noticed a necrophage
  1132 | D        | Found a basalt altar of Yredelemnul.
  1132 | D        | Found a blossoming altar of Fedhas.
  1132 | D        | Noticed a necromancer
  1137 | D        | Killed a necrophage
  1137 | D        | Acquired Dithmenos's first power
  1137 | D        | Reached XP level 8. HP: 26/32 MP: 12/22
  1138 | D        | Killed a necromancer
  1307 | D        | Noticed a two-headed ogre
  1307 | D        | Noticed a two-headed ogre
  1311 | D        | Killed a two-headed ogre
  1311 | D        | Reached skill level 10 in Spellcasting
  1313 | D        | Killed a two-headed ogre
  1316 | D        | Noticed a two-headed ogre
  1317 | D        | Killed a two-headed ogre
  1317 | D        | Acquired Dithmenos's second power
  1317 | D        | Reached skill level 13 in Stealth
  1322 | D        | Noticed a hill giant
  1325 | D        | Killed a hill giant
  1330 | D        | Noticed Erolcha
  1331 | D        | Noticed a hill giant
  1333 | D        | Killed Erolcha
  1333 | D        | Reached skill level 14 in Stealth
  1333 | D        | Reached skill level 5 in Ice Magic
  1333 | D        | Reached XP level 9. HP: 35/35 MP: 23/25
  1334 | D        | Killed a hill giant
  1345 | D        | Noticed a redback
  1354 | D        | Noticed a trapdoor spider
  1358 | D        | Killed a trapdoor spider
  1358 | D        | Acquired Dithmenos's third power
  1368 | D        | Killed a redback
  1369 | D        | Noticed a trapdoor spider
  1370 | D        | Slain by a trapdoor spider

Vault maps used:
D:        dungeon_sprint_mu

Action                   |  1- 3 |  4- 6 |  7- 9 || total
-------------------------+-------+-------+-------++-------
Melee: Dagger            |    26 |     6 |    19 ||    51
 Cast: Ensorcelled Hiber |     2 |     1 |     4 ||     7
       Corona            |     1 |       |       ||     1
       Confuse           |     4 |       |     4 ||     8
       Dazzling Spray    |       |     6 |     9 ||    15
  Use: Potion            |     4 |       |       ||     4
       Scroll            |     5 |       |       ||     5
 Stab: Sleeping          |     4 |     5 |     6 ||    15
       Confused          |     1 |       |     1 ||     2
       Invisible         |       |       |     2 ||     2
